SAA
VIRGINIA BEACH WHALES @ LANCASTER FARMERS
08/20/2037
 
TOP OF THE 1ST
Virginia Beach Whales batting - Pitching for Lancaster Farmers : RHP Derek Fisher
Pitching: RHP Derek Fisher
Batting: RHB Dave Thomas 0-0: Foul Ball, location: 2F
0-1: Foul Ball, location: 2F
0-2: Strikes out swinging
Batting: RHB Mulia Muljana 0-0: Called Strike
0-1: Ball
1-1: DOUBLE (Flyball, 89XD, EV 102.5 MPH)
Batting: LHB Manuel Ruíz 0-0: Ball
1-0: Foul Ball, location: 2F
1-1: Foul Ball, location: 2F
1-2: Ball
2-2: Ball
3-2: Foul Ball, location: 2F
3-2: Base on Balls
Batting: RHB Jorge Díaz 0-0: SINGLE (Line Drive, 9S, EV 98.8 MPH)
Mulia Muljana to third
Manuel Ruíz to second
Batting: SHB Leon Green 0-0: Called Strike
0-1: Ball
1-1: SINGLE (Line Drive, 7S, EV 93.8 MPH)
Mulia Muljana scores
Manuel Ruíz to third
Jorge Díaz to second
Batting: RHB Ron Lawrence 0-0: Ball
1-0: Foul Ball, location: 2F
1-1: Ball
2-1: Ball
3-1: Base on Balls
Manuel Ruíz scores
Jorge Díaz to third
Leon Green to second
Batting: SHB Xavier Mercier 0-0: Ball
1-0: Fly out, F8 (Flyball, 8LM, EV 90.6 MPH)
Batting: RHB Scott French 0-0: Called Strike
0-1: Fly out, F1 (Line Drive, P, EV 61.9 MPH)
Top of the 1st over - 2 runs, 3 hits, 0 errors, 3 left on base; Virginia Beach 2 - Lancaster 0
BOTTOM OF THE 1ST
Lancaster Farmers batting - Pitching for Virginia Beach Whales : RHP Joe Holbrook
Pitching: RHP Joe Holbrook
Batting: LHB Puck Schit 0-0: Ball
1-0: Swinging Strike
1-1: Foul Ball, location: 2F
1-2: Strikes out swinging
Batting: LHB Fernando Sandoval 0-0: Foul Ball, location: 2F
0-1: Fly out, F7 (Flyball, 7S, EV 75.0 MPH)
Batting: RHB Curf Pierstisnips 0-0: Ball
1-0: Ball
2-0: Called Strike
2-1: Ball
3-1: Swinging Strike
3-2: Foul Ball, location: 2F
3-2: Fly out, F3 (Popup, 34S, EV 74.4 MPH)
Bottom of the 1st over - 0 runs, 0 hits, 0 errors, 0 left on base; Virginia Beach 2 - Lancaster 0
TOP OF THE 2ND
Virginia Beach Whales batting - Pitching for Lancaster Farmers : RHP Derek Fisher
Batting: RHB Walt Mastin 0-0: Ball
1-0: Foul Ball, location: 2F
1-1: Called Strike
1-2: Foul Ball, location: 2F
1-2: Fly out, F8 (Flyball, 8RM, EV 92.5 MPH)
Batting: RHB Dave Thomas 0-0: Ball
1-0: Foul Ball, location: 2F
1-1: Foul Ball, location: 2F
1-2: Ball
2-2: Fly out, F7 (Flyball, 78D, EV 91.2 MPH)
Batting: RHB Mulia Muljana 0-0: Ball
1-0: Swinging Strike
1-1: Swinging Strike
1-2: Ball
2-2: Strikes out swinging
Top of the 2nd over - 0 runs, 0 hits, 0 errors, 0 left on base; Virginia Beach 2 - Lancaster 0
BOTTOM OF THE 2ND
Lancaster Farmers batting - Pitching for Virginia Beach Whales : RHP Joe Holbrook
Batting: SHB Ray Carey 0-0: Called Strike
0-1: Ball
1-1: Called Strike
1-2: Foul Ball, location: 2F
1-2: SINGLE (Groundball, 3D, EV 101.9 MPH)
Batting: RHB Álex Chávez 0-0: Called Strike
0-1: Ball
1-1: Ball
2-1: Foul Ball, location: 2F
2-2: Fly out, F9 (Line Drive, 9, EV 86.2 MPH)
Batting: RHB Cord Hosenbeck 0-0: Ball
1-0: Called Strike
1-1: Ball
2-1: Foul Ball, location: 2F
2-2: Ball
Ray Carey steals 2nd base
3-2: DOUBLE (Groundball, 5L, EV 102.5 MPH)
Ray Carey scores
Batting: LHB Bryan Decker 0-0: Ball
1-0: Called Strike
1-1: Ball
2-1: Ground out 5-3 (Groundball, 56, EV 101.9 MPH)
Batting: RHB Eibe Schmidt 0-0: Foul Ball, location: 2F
0-1: Ball
1-1: Reached on error, E6 (Groundball, 6, EV 95.6 MPH)
Cord Hosenbeck to third
Batting: RHB Joshua Cadaval 0-0: Called Strike
0-1: SINGLE (Line Drive, 9S, EV 90.6 MPH)
Cord Hosenbeck scores
Eibe Schmidt to second
Runner from 2nd tries for 3rd, SAFE, no throw by RF
Batting: LHB Puck Schit 0-0: Ball
1-0: Ball
2-0: SINGLE (Line Drive, 8RS, EV 106.2 MPH)
Eibe Schmidt scores
Joshua Cadaval to second
Batting: LHB Fernando Sandoval 0-0: Ball
1-0: Ball
2-0: Fly out, F5 (Line Drive, 5, EV 66.9 MPH)
Bottom of the 2nd over - 3 runs, 4 hits, 1 error, 2 left on base; Virginia Beach 2 - Lancaster 3
TOP OF THE 3RD
Virginia Beach Whales batting - Pitching for Lancaster Farmers : RHP Derek Fisher
Batting: LHB Manuel Ruíz 0-0: Ball
1-0: Ball
2-0: Called Strike
2-1: Ball
3-1: Ground out 1-3 (Groundball, P, EV 86.9 MPH)
Batting: RHB Jorge Díaz 0-0: Ground out 5-3 (Groundball, 5S, EV 93.1 MPH)
Batting: SHB Leon Green 0-0: Called Strike
0-1: Ball
1-1: Fly out, F8 (Flyball, 8LM, EV 90.6 MPH)
Top of the 3rd over - 0 runs, 0 hits, 0 errors, 0 left on base; Virginia Beach 2 - Lancaster 3
BOTTOM OF THE 3RD
Lancaster Farmers batting - Pitching for Virginia Beach Whales : RHP Joe Holbrook
Batting: RHB Curf Pierstisnips 0-0: Ball
1-0: Ball
2-0: Ground out 6-3 (Groundball, 6, EV 87.5 MPH)
Batting: SHB Ray Carey 0-0: Called Strike
0-1: Ball
1-1: Ball
2-1: Ground out 4-3 (Groundball, 4, EV 96.9 MPH)
Batting: RHB Álex Chávez 0-0: Ball
1-0: SINGLE (Groundball, 6D, EV 106.2 MPH)
Batting: RHB Cord Hosenbeck 0-0: Called Strike
0-1: Called Strike
0-2: Foul Ball, location: 2F
0-2: Foul Ball, location: 2F
0-2: Ball
Álex Chávez is caught stealing 2nd base 2-4
Bottom of the 3rd over - 0 runs, 1 hit, 0 errors, 0 left on base; Virginia Beach 2 - Lancaster 3
TOP OF THE 4TH
Virginia Beach Whales batting - Pitching for Lancaster Farmers : RHP Derek Fisher
Batting: RHB Ron Lawrence 0-0: Foul Ball, location: 2F
0-1: Swinging Strike
0-2: Ball
1-2: Ground out 5-3 (Groundball, 56, EV 80.0 MPH)
Batting: SHB Xavier Mercier 0-0: Called Strike
0-1: Ball
1-1: Swinging Strike
1-2: Foul Ball, location: 2F
1-2: Fly out, F7 (Flyball, 7LSF, EV 92.5 MPH)
Batting: RHB Scott French 0-0: Swinging Strike
0-1: Foul Ball, location: 2F
0-2: Strikes out looking
Top of the 4th over - 0 runs, 0 hits, 0 errors, 0 left on base; Virginia Beach 2 - Lancaster 3
BOTTOM OF THE 4TH
Lancaster Farmers batting - Pitching for Virginia Beach Whales : RHP Joe Holbrook
Batting: RHB Cord Hosenbeck 0-0: Called Strike
0-1: Ball
1-1: Swinging Strike
1-2: Fly out, F1 (Line Drive, P, EV 68.8 MPH)
Batting: LHB Bryan Decker 0-0: Ground out 1-3 (Groundball, 15, EV 81.9 MPH)
Batting: RHB Eibe Schmidt 0-0: Foul Ball, location: 2F
0-1: Fly out, F4 (Popup, 34, EV 56.2 MPH)
Bottom of the 4th over - 0 runs, 0 hits, 0 errors, 0 left on base; Virginia Beach 2 - Lancaster 3
TOP OF THE 5TH
Virginia Beach Whales batting - Pitching for Lancaster Farmers : RHP Derek Fisher
Batting: RHB Walt Mastin 0-0: Fly out, F8 (Flyball, 8LXD, EV 108.8 MPH)
Batting: RHB Dave Thomas 0-0: Swinging Strike
0-1: Foul Ball, location: 2F
0-2: Ball
1-2: Ball
2-2: Foul Ball, location: 2F
2-2: Foul Ball, location: 2F
2-2: Ball
3-2: SINGLE (Groundball, 56D, EV 107.5 MPH)
Batting: RHB Mulia Muljana 0-0: Ball
Dave Thomas steals 2nd base
1-0: Fly out, F8 (Flyball, 8RS, EV 86.2 MPH)
Batting: LHB Manuel Ruíz 0-0: Ball
1-0: SINGLE (Line Drive, 8RS, EV 101.2 MPH)
Dave Thomas to third
Batting: RHB Jorge Díaz 0-0: Called Strike
0-1: DOUBLE (Groundball, 5L, EV 93.8 MPH)
Dave Thomas scores
Manuel Ruíz to third
Batting: SHB Leon Green 0-0: Ball
1-0: Foul Ball, location: 2F
1-1: Swinging Strike
1-2: Ball
2-2: Ball
3-2: Base on Balls
Batting: RHB Ron Lawrence 0-0: Called Strike
0-1: SINGLE (Line Drive, 8LS, EV 96.9 MPH)
Manuel Ruíz scores
Jorge Díaz to third
Leon Green to second
Runner from 3rd tries for Home, SAFE, no throw by CF
Pitching: RHP Matt Brown
Batting: SHB Xavier Mercier 0-0: Foul Ball, location: 2F
0-1: Ball
1-1: Hit by Pitch
Leon Green to third
Ron Lawrence to second
Batting: RHB Scott French 0-0: Called Strike
0-1: Foul Ball, location: 2F
0-2: Ground out 1-3 (Groundball, 15S, EV 66.2 MPH)
Top of the 5th over - 3 runs, 4 hits, 0 errors, 3 left on base; Virginia Beach 5 - Lancaster 3
BOTTOM OF THE 5TH
Lancaster Farmers batting - Pitching for Virginia Beach Whales : RHP Joe Holbrook
Batting: RHB Joshua Cadaval 0-0: Ball
1-0: Foul Ball, location: 2F
1-1: SINGLE (Groundball, 34D, EV 101.9 MPH)
Batting: LHB Puck Schit 0-0: SINGLE (Groundball, 4MD, EV 97.5 MPH)
Joshua Cadaval to second
Runner from 2nd tries for 3rd, SAFE, no throw by CF
Batting: LHB Fernando Sandoval 0-0: Ball
1-0: Called Strike
1-1: Ball
2-1: Foul Ball, location: 2F
2-2: Ball
3-2: Strikes out swinging
Puck Schit steals 2nd base
Batter strikes out.
Batting: RHB Curf Pierstisnips 0-0: Ball
Wild Pitch!
Joshua Cadaval scores
Puck Schit to third
1-0: Foul Ball, location: 2F
1-1: Ball
2-1: Ball
3-1: Fly out, F8 (Flyball, 8LS, EV 93.8 MPH)
Batting: SHB Ray Carey 0-0: Ball
1-0: Called Strike
1-1: Fly out, F3 (Flyball, 3D, EV 82.5 MPH)
Bottom of the 5th over - 1 run, 2 hits, 0 errors, 1 left on base; Virginia Beach 5 - Lancaster 4
TOP OF THE 6TH
Virginia Beach Whales batting - Pitching for Lancaster Farmers : RHP Matt Brown
Batting: RHB Walt Mastin 0-0: Called Strike
0-1: Ball
1-1: Called Strike
1-2: Ball
2-2: Foul Ball, location: 2F
2-2: Foul Ball, location: 2F
2-2: SINGLE (Flyball, 78M, EV 93.1 MPH)
Batting: RHB Dave Thomas 0-0: Ball
1-0: Called Strike
1-1: Ball
2-1: Ball
3-1: Foul Ball, location: 2F
3-2: Fielders Choice at 2nd, 1-6 (Groundball, 34S, EV 71.2 MPH)
Batting: RHB Mulia Muljana 0-0: Ball
1-0: Swinging Strike
1-1: Swinging Strike
1-2: Foul Ball, location: 2F
1-2: Ball
2-2: Strikes out looking
Batting: LHB Manuel Ruíz 0-0: Ball
Dave Thomas steals 2nd base
1-0: Foul Ball, location: 2F
1-1: Ground out 6-3 (Groundball, 6M, EV 88.8 MPH)
Top of the 6th over - 0 runs, 1 hit, 0 errors, 1 left on base; Virginia Beach 5 - Lancaster 4
BOTTOM OF THE 6TH
Lancaster Farmers batting - Pitching for Virginia Beach Whales : RHP Joe Holbrook
Batting: RHB Álex Chávez 0-0: Ball
1-0: Called Strike
1-1: Foul Ball, location: 2F
1-2: Strikes out swinging
Batting: RHB Cord Hosenbeck 0-0: Foul Ball, location: 2F
0-1: Called Strike
0-2: Ground out 1-3 (Groundball, P, EV 85.0 MPH)
Batting: LHB Bryan Decker 0-0: Ball
1-0: Ball
2-0: SINGLE (Groundball, 4D, EV 99.4 MPH)
Batting: RHB Eibe Schmidt 0-0: Swinging Strike
0-1: Ball
1-1: Fly out, F7 (Flyball, 7LD, EV 89.4 MPH)
Bottom of the 6th over - 0 runs, 1 hit, 0 errors, 1 left on base; Virginia Beach 5 - Lancaster 4
TOP OF THE 7TH
Virginia Beach Whales batting - Pitching for Lancaster Farmers : RHP Matt Brown
Batting: RHB Jorge Díaz 0-0: Ball
1-0: Ball
2-0: Ball
3-0: Called Strike
3-1: SINGLE (Line Drive, 8RS, EV 92.5 MPH)
Batting: SHB Leon Green 0-0: Ball
1-0: Foul Ball, location: 2F
1-1: Foul Ball, location: 2F
1-2: SINGLE (Line Drive, 5D, EV 98.8 MPH)
Jorge Díaz to second
Pitching: LHP Leevi Kangro
Batting: RHB Ron Lawrence 0-0: Ball
1-0: Ball
2-0: Sac Bunt to 13 - play at first, batter OUT! 1-3
Jorge Díaz to third
Leon Green to second
Batting: SHB Xavier Mercier 0-0: Ball
1-0: Ball
2-0: Called Strike
2-1: Foul Ball, location: 2F
2-2: Fly out, F4 (Popup, 34D, EV 71.2 MPH)
Batting: RHB Scott French 0-0: Ball
1-0: Ball
2-0: Swinging Strike
2-1: Swinging Strike
2-2: Strikes out swinging
Top of the 7th over - 0 runs, 2 hits, 0 errors, 2 left on base; Virginia Beach 5 - Lancaster 4
BOTTOM OF THE 7TH
Lancaster Farmers batting - Pitching for Virginia Beach Whales : RHP Joe Holbrook
Pitching: RHP James McNeil
Batting: RHB Joshua Cadaval 0-0: Called Strike
0-1: Called Strike
0-2: Foul Ball, location: 2F
0-2: Ball
1-2: Foul Ball, location: 2F
1-2: Fly out, F9 (Flyball, 9S, EV 84.4 MPH)
Batting: LHB Puck Schit 0-0: Called Strike
0-1: Foul Ball, location: 2F
0-2: Ball
1-2: Ground out 4-3 (Groundball, 34D, EV 101.9 MPH)
Batting: LHB Fernando Sandoval 0-0: Ball
1-0: Ball
2-0: Ball
3-0: SINGLE (Flyball, 8RS, EV 81.2 MPH)
Batting: RHB Curf Pierstisnips 0-0: Ball
1-0: Called Strike
1-1: Ball
2-1: Fly out, F3 (Popup, 3F, EV 55.6 MPH)
Bottom of the 7th over - 0 runs, 1 hit, 0 errors, 1 left on base; Virginia Beach 5 - Lancaster 4
TOP OF THE 8TH
Virginia Beach Whales batting - Pitching for Lancaster Farmers : LHP Leevi Kangro
Batting: RHB Walt Mastin 0-0: Ball
1-0: Called Strike
1-1: Foul Ball, location: 2F
1-2: Strikes out swinging
Batting: RHB Dave Thomas 0-0: Ball
1-0: Called Strike
1-1: Ball
2-1: Ball
3-1: Foul Ball, location: 2F
3-2: Ground out 5-3 (Groundball, 56S, EV 76.9 MPH)
Batting: RHB Mulia Muljana 0-0: Ground out 5-3 (Groundball, 56, EV 85.6 MPH)
Top of the 8th over - 0 runs, 0 hits, 0 errors, 0 left on base; Virginia Beach 5 - Lancaster 4
BOTTOM OF THE 8TH
Lancaster Farmers batting - Pitching for Virginia Beach Whales : RHP James McNeil
Batting: SHB Ray Carey 0-0: Ball
1-0: Called Strike
1-1: Ground out 4-3 (Groundball, 4, EV 91.2 MPH)
Batting: RHB Álex Chávez 0-0: Ball
1-0: Ball
2-0: Called Strike
2-1: Called Strike
2-2: Fly out, F8 (Line Drive, 8RD, EV 93.1 MPH)
Pitching: LHP Stan Lowe
Batting: RHB Cord Hosenbeck 0-0: Swinging Strike
0-1: Foul Ball, location: 2F
0-2: Ground out 6-3 (Groundball, 56, EV 90.6 MPH)
Bottom of the 8th over - 0 runs, 0 hits, 0 errors, 0 left on base; Virginia Beach 5 - Lancaster 4
TOP OF THE 9TH
Virginia Beach Whales batting - Pitching for Lancaster Farmers : LHP Leevi Kangro
Batting: LHB Manuel Ruíz 0-0: Called Strike
0-1: Ball
1-1: Foul Ball, location: 2F
1-2: Foul Ball, location: 2F
1-2: Ball
2-2: Foul Ball, location: 2F
2-2: Strikes out swinging
Batting: RHB Jorge Díaz 0-0: Ball
1-0: Ball
2-0: Ball
3-0: Called Strike
3-1: SINGLE (Line Drive, 8RS, EV 99.4 MPH)
Batting: SHB Leon Green 0-0: Called Strike
0-1: Called Strike
Jorge Díaz steals 2nd base (no throw)
0-2: Ball
1-2: Foul Ball, location: 2F
1-2: Ball
2-2: Fly out, F9 (Flyball, 9S, EV 75.6 MPH)
Batting: RHB Ron Lawrence 0-0: Called Strike
0-1: Foul Ball, location: 2F
0-2: Foul Ball, location: 2F
0-2: Strikes out swinging
Top of the 9th over - 0 runs, 1 hit, 0 errors, 1 left on base; Virginia Beach 5 - Lancaster 4
BOTTOM OF THE 9TH
Lancaster Farmers batting - Pitching for Virginia Beach Whales : LHP Stan Lowe
Pitching: RHP Wu-shiun Lao
Now at 2B: Yo Tu
Batting: LHB Bryan Decker 0-0: Foul Ball, location: 2F
0-1: Called Strike
0-2: Foul Ball, location: 2F
0-2: Strikes out swinging
Pinch Hitting: RHB Yaakov Shmerkin 0-0: Ball
1-0: Fly out, F9 (Flyball, 9, EV 94.4 MPH)
Pinch Hitting: LHB Alfonso Pacheco 0-0: Foul Ball, location: 2F
0-1: Ball
1-1: Ball
2-1: Called Strike
2-2: Foul Ball, location: 2F
2-2: Ground out 1-3 (Groundball, 15S, EV 65.6 MPH)
Bottom of the 9th over - 0 runs, 0 hits, 0 errors, 0 left on base; Virginia Beach 5 - Lancaster 4
Thursday, January 23rd, 2020 - OOTP Baseball 20.8 Build 74